 Dungeon Crawl Stone Soup version 0.32-a0-779-g362cfcae2a (webtiles) character file.

Game seed: 1123568373520829291

84590 lunkers the Severer (level 15, -7/120 HPs)
             Began as a Coglin Berserker on Mar 18, 2024.
             Was the Champion of Trog.
             Mangled by a warg (14 damage)
             ... on level 1 of the Orcish Mines on Mar 19, 2024.
             The game lasted 00:36:23 (21670 turns).

lunkers the Severer (Coglin Berserker)             Turns: 21670, Time: 00:36:24

Health: -7/120     AC: 21    Str: 26    XL:     15   Next: 81%
Magic:  5/5        EV: 12    Int: 11    God:    Trog [******]
Gold:   1788       SH:  0    Dex: 14    Spells: 14/14 levels left

rFire   + . .        I - +4 broad axe (antimagic) {Amaro}
rCold   . . .        K - +7 war axe "Dear" {drain, Int+4}
rNeg    + . .        C - +4 chain mail "Wiptoesk" {rN+ Str+2 SInv}
rPois   +            (no helmet)
rElec   .            o - +0 cloak
rCorr   +            h - +1 pair of gloves
SInv    +            J - +0 pair of boots
Will    +....        (amulet unavailable) Stlth
                     (ring unavailable)
HPRegen 0.40/turn    (ring unavailable)
MPRegen 0.49/turn    M - megaturbine Ver.3 {RevMP, rPois rF+ rCorr}

%: no passive effects
@: on berserk cooldown, slowed, studying Fighting, revving, very slow
A: off-hand wielding, slow wielding, warmup strikes, no jewellery
a: Renounce Religion, Berserk, Trog's Hand, Brothers in Arms


You were on level 1 of the Orcish Mines.
You worshipped Trog.
Trog was exalted by your worship.
You visited 3 branches of the dungeon, and saw 19 of its levels.
You also visited: Bailey.

You collected 3296 gold pieces.
You spent 1508 gold pieces at shops.

Inventory:

Hand Weapons
 s - a +3 antimagic broad axe {Navbir}
 I - a +4 antimagic broad axe (weapon) {Amaro}
 K - the +7 war axe "Dear" (offhand) {drain, Int+4}
   (You found it on level 3 of the Lair of Beasts)

   Int+4:     It affects your intelligence (+4).
 Q - a +2 broad axe
Missiles
 r - a throwing net
 D - 5 curare-tipped darts
Armour
 f - a scarf of invisibility
 h - a +1 pair of gloves (worn)
 i - +0 acid dragon scales
 o - a +0 cloak (worn)
 u - a +3 leather armour
 B - a +2 plate armour of fire resistance
 C - the +4 chain mail "Wiptoesk" (worn) {rN+ Str+2 SInv}
   (You bought it in a shop on level 10 of the Dungeon)

   Str+2:     It affects your strength (+2).
   rN+:       It protects you from negative energy.
   SInv:      It lets you see invisible.
 J - a +0 pair of boots (worn)
Gizmo
 M - a megaturbine Ver.3 (installed) {RevMP, rPois rF+ rCorr}
   (You invented it yourself on level 4 of the Lair of Beasts)

   [megaturbine Ver.3]

   RevMP:     Your magic regeneration increases greatly based on how Revved you
   are.
   rF+:       It protects you from fire.
   rPois:     It protects you from poison.
   rCorr:     It protects you from acid and corrosion.
Wands
 m - a wand of warping (17)
 n - a wand of flame (23)
 y - a wand of mindburst (6)
 E - a wand of paralysis (9)
 H - a wand of polymorph (5)
Scrolls
 b - 4 scrolls of teleportation
 k - a scroll of blinking
 q - a scroll of brand weapon
 w - a scroll of fog
 x - a scroll of butterflies
 F - a scroll of silence
 L - a scroll of revelation
 O - 2 scrolls of vulnerability
 P - a scroll of enchant weapon
 R - a scroll of fear
Potions
 a - 5 potions of enlightenment
 c - 2 potions of ambrosia
 d - 5 potions of cancellation
 e - 5 potions of heal wounds
 g - a potion of berserk rage
 j - 4 potions of curing
 l - 7 potions of might
 p - 3 potions of lignification
 t - a potion of brilliance
 v - a potion of haste
 z - a potion of invisibility
 A - a potion of mutation
 G - 3 potions of resistance
 N - a potion of attraction


   Skills:
 + Level 11.7 Fighting
 - Level 18.0 Axes
 + Level 10.3 Armour
 + Level 10.2 Dodging
 + Level 13.5 Evocations


You had 14 spell levels left.
You didn't know any spells.
Your spell library was empty.

Dungeon Overview and Level Annotations

Branches:
Dungeon (12/15)            Temple (0/1) D:6            Lair (5/5) D:10
 Shoals (0/4) Lair:3        Snake (0/4) Lair:2        Slime (0/5) Lair:4
    Orc (2/2) D:12            Elf (0/3) Orc:2        Bailey (visited)

Altars:
Nemelex Xobeh
Qazlal
Ru
Xom
The Shining One
Beogh
Jiyva

Shops:
D:5 (((   D:10 *(**   D:12 :   Orc:2 :

Annotations:
Lair:2 exclusion: oklob plant


Innate Abilities, Weirdness & Mutations

You can wield a second weapon in your off-hand.
It takes a long time for you to wield or remove held weapons.
Your first few attacks do less damage.
You cannot equip rings or amulets.


Message History

a +1 flail of protection; a +0 short sword; a +0 chain mail You slice the orc knight with your +4 antimagic broad axe!!
The orc knight is heavily wounded.
You slash the orc knight with the +7 war axe "Dear"!
The orc knight misses you. The orc barely misses you.
You slash the orc knight with the +7 war axe "Dear"!
You drain the orc knight.
The orc knight is almost dead.
You hit the orc knight with your +4 antimagic broad axe.
You kill the orc knight!
Trog accepts your kill. The orc hits you but does no damage.
The orc priest looks satisfied for a moment.
The orc closely misses you.
Things that are here:
a +0 bardiche; a +0 plate armour You closely miss the orc with the +7 war axe "Dear".
You slash the orc with your +4 antimagic broad axe!
You kill the orc!
Trog accepts your kill.
Unknown command.
The orc hits you from afar with a +0 trident.
* * * LOW HITPOINT WARNING * * *
You feel a strong urge to attack something.
The warg misses you. The orc hits you but does no damage.
The orc priest mumbles some strange prayers to Beogh against you.
Beogh smites you!
* * * LOW HITPOINT WARNING * * *
Unknown command.
You closely miss the warg with your +4 antimagic broad axe.
You hit the orc but do no damage.
You hit the warg with the +7 war axe "Dear".
You drain the warg.
You slash the orc with the +7 war axe "Dear"!
You kill the orc!
Trog accepts your kill.
You are no longer berserk.
You are exhausted.
You feel yourself slow down. The warg bites you!
You die...

#.. ##..#.#...#
...# #.........#
....###........#
...............##.
..................
...............##
......)o))).....##
.......$h#........
........)@....#.##
.............##
.............#
#......###....#
#.....# ....##
.....# .....#
ß.... #.#.## ..
####


You could see a warg (drained) and an orc priest.

Vanquished Creatures
  The ghost of javelincjr the Fighter, a journeyman DsWr of Qazlal (Orc:1)
  2 orc warlords
  2 dire elephants (Lair:5)
  Josephine (D:11)
  2 vault guards (Bailey)
  2 hydras
  A catoblepas (Lair:4)
  Erica (D:10)
  4 two-headed ogres
  2 boulder beetles
  18 death yaks
  An orc high priest (Orc:2)
  Sonja (D:10)
  A skyshark (Lair:3)
  A spectral anaconda (Lair:5)
  An obsidian statue (Lair:5)
  A deep elf pyromancer (D:12)
  4 necromancers
  3 orc knights
  The ghost of jamsaran the Apothecary, a novice DgAl (D:7)
  A manticore (D:12)
  4 cyclopes
  2 ugly things
  4 orc sorcerers
  A torpor snail (Lair:5)
  A merfolk siren (Lair:3)
  19 elephants
  A dire elephant zombie (Lair:5)
  The ghost of Chish the Chopper, a novice HuFi of Okawaru (D:5)
  5 black mambas
  6 kobold blastminers
  18 cane toads
  3 kobold demonologists
  3 gargoyles
  6 komodo dragons
  An unseen horror (D:11)
  2 rime drakes
  3 trolls
  The ghost of elongatedgoose the Covert, a novice SpBr (D:4)
  Grinder (D:3)
  4 polar bears
  Prince Ribbit (Bailey)
  A hornet (D:10)
  2 spectral elephants (Lair:5)
  6 slime creatures (D:8)
  25 blink frogs
  5 dream sheep (Lair:4)
  8 wraiths
  A wyvern (D:8)
  A dire elephant simulacrum (Lair:5)
  7 humans
  31 yaks
  2 steam dragons
  8 death yak simulacra
  6 wargs (Orc:2)
  A naga (Lair:2)
  A spectral cane toad (Lair:5)
  2 acid dragons (D:10)
  3 hydra simulacra (D:12)
  17 water moccasins
  23 orc warriors
  A sky beast (D:8)
  2 ice beasts
  A black bear (D:7)
  An elephant zombie (Lair:5)
  9 ogres
  11 wolves (Lair:1)
  20 centaurs
  5 kobold brigands (D:10)
  20 bullfrogs
  6 scorpions
  4 cane toad simulacra (Lair:5)
  2 water moccasin skeletons (D:4)
  2 elephant simulacra (D:12)
  22 killer bees
  7 howler monkeys
  An electric eel (D:12)
  A lava snake (Lair:5)
  A bullfrog zombie (D:4)
  2 gnoll boudas
  4 hounds
  14 jellies
  Crazy Yiuf (D:3)
  16 orc priests
  2 iguanas
  2 sleepcaps
  Natasha (twice) (D:4)
  Terence (D:3)
  18 orc wizards
  A hell rat (D:12)
  5 adders
  13 gnolls
  4 white imps
  2 hell rat simulacra (D:12)
  2 ufetubi (D:5)
  2 ribbon worms
  94 orcs
  8 ball pythons
  8 endoplasms
  4 giant cockroaches
  11 goblins
  11 hobgoblins
  8 jackals
  10 kobolds
  2 quokkas
  4 bats
  2 frilled lizards (D:1)
  6 rats
  A spectral weapon (D:7)
664 creatures vanquished.

Vanquished Creatures (others)
  An orc wizard (D:12)
  An orc (D:12)
2 creatures vanquished.

Grand Total: 666 creatures vanquished

Notes
Turn   | Place    | Note
-------+----------+-------------------------------------------
     0 | D:1      | lunkers the Coglin Berserker began the quest for the Orb.
     0 | D:1      | Reached XP level 1. HP: 18/18 MP: 1/1
    98 | D:1      | Reached XP level 2. HP: 11/24 MP: 2/2
   395 | D:1      | Reached skill level 4 in Axes
   568 | D:1      | Reached XP level 3. HP: 29/29 MP: 3/3
   631 | D:1      | Reached ** piety under Trog
   971 | D:2      | Reached XP level 4. HP: 30/35 MP: 4/4
  1255 | D:3      | Noticed Grinder
  1258 | D:3      | Noticed Terence
  1258 | D:3      | Paralysed by Grinder for 5 turns
  1270 | D:3      | Reached skill level 5 in Axes
  1270 | D:3      | Killed Terence
  1276 | D:3      | Killed Grinder
  1277 | D:3      | Reached skill level 7 in Axes
  1277 | D:3      | Reached XP level 5. HP: 21/41 MP: 5/5
  1277 | D:3      | Reached XP level 6. HP: 24/47 MP: 6/6
  1486 | D:3      | Found a runed translucent door.
  1487 | D:3      | Noticed Crazy Yiuf
  1846 | D:3      | Killed Crazy Yiuf
  2006 | D:4      | Found a sacrificial altar of Ru.
  2078 | D:4      | Found a transporter.
  2079 | D:4      | Noticed elongatedgoose's ghost (novice SpBr)
  2136 | D:4      | Found a transporter.
  2241 | D:4      | Noticed Natasha
  2252 | D:4      | Killed Natasha
  2253 | D:4      | Reached XP level 7. HP: 45/52 MP: 7/7
  2431 | D:4      | Noticed Natasha
  2443 | D:4      | Killed Natasha
  2443 | D:4      | Reached *** piety under Trog
  2601 | D:4      | Reached skill level 8 in Axes
  2610 | D:4      | Killed elongatedgoose's ghost
  2611 | D:4      | Reached skill level 9 in Axes
  2678 | D:5      | Entered Level 5 of the Dungeon
  2724 | D:5      | Reached XP level 8. HP: 31/58 MP: 8/8
  2898 | D:5      | Found Elleghun's Antique Weapon Emporium.
  2917 | D:5      | Found Otroot's Weapon Shoppe.
  2934 | D:5      | Reached skill level 10 in Axes
  3156 | D:5      | Found a transporter.
  3156 | D:5      | Found a transporter.
  3162 | D:5      | Noticed Chish's ghost (novice HuFi)
  3282 | D:5      | Found Nuwky's Antique Weapon Boutique.
  3641 | D:5      | Reached skill level 11 in Axes
  3642 | D:5      | Killed Chish's ghost
  3643 | D:5      | Reached XP level 9. HP: 60/63 MP: 9/9
  3861 | D:6      | Reached skill level 12 in Axes
  4143 | D:6      | Found a stormy altar of Qazlal.
  4148 | D:6      | Found a glowing golden altar of the Shining One.
  4148 | D:6      | Noticed a two-headed ogre
  4153 | D:6      | Killed a two-headed ogre
  4154 | D:6      | Reached skill level 13 in Axes
  4465 | D:6      | Found a staircase to the Ecumenical Temple.
  5096 | D:7      | Reached XP level 10. HP: 69/70 MP: 10/10
  5103 | D:7      | Reached skill level 14 in Axes
  5108 | D:7      | Reached skill level 1 in Evocations
  5493 | D:7      | Reached **** piety under Trog
  5898 | D:7      | Found a transporter.
  5899 | D:7      | Noticed jamsaran's ghost (novice DgAl)
  5899 | D:7      | Identified the +7 great mace of Regicide {spect, rPois rF+
                  | Will- MP+9}
  5973 | D:7      | Found a transporter.
  5979 | D:7      | Killed jamsaran's ghost
  6283 | D:8      | Found a shimmering altar of Xom.
  6283 | D:8      | Found a shimmering altar of Xom.
  6283 | D:8      | Found a shimmering altar of Xom.
  6285 | D:8      | Found a shimmering altar of Xom.
  6286 | D:8      | Found a shimmering altar of Xom.
  6392 | D:8      | Reached skill level 5 in Fighting
  6499 | D:8      | Reached skill level 5 in Evocations
  6565 | D:8      | Found a roughly hewn altar of Beogh.
  6580 | D:8      | Reached XP level 11. HP: 62/80 MP: 11/11
  6590 | D:8      | Reached ***** piety under Trog
  6960 | D:9      | Found a flagged portal.
  6971 | Bailey   | Entered a bailey
  7172 | Bailey   | Noticed Prince Ribbit
  7172 | Bailey   | Noticed a vault guard
  7181 | Bailey   | Killed a vault guard
  7183 | Bailey   | Killed Prince Ribbit
  7308 | Bailey   | Noticed a vault guard
  7319 | Bailey   | Killed a vault guard
  7320 | Bailey   | Reached skill level 5 in Armour
  7320 | Bailey   | Reached skill level 5 in Dodging
  7762 | D:9      | Noticed a two-headed ogre
  7768 | D:9      | Killed a two-headed ogre
  8642 | D:10     | Entered Level 10 of the Dungeon
  9159 | D:10     | Found Narphul's Antique Weapon Boutique.
  9181 | D:10     | Noticed Sonja
  9185 | D:10     | Found Batsin's Assorted Antiques.
  9189 | D:10     | Noticed a soul eater
  9437 | D:10     | Noticed a death yak
  9437 | D:10     | Noticed Erica
  9438 | D:10     | Found a staircase to the Lair.
  9438 | D:10     | Noticed a death yak
  9450 | D:10     | Killed a death yak
  9456 | D:10     | Killed a death yak
  9471 | D:10     | HP: 4/84 [something/bolt of poison (15)]
  9473 | D:10     | Killed Erica
  9474 | D:10     | Reached XP level 12. HP: 5/91 MP: 12/12
  9878 | D:10     | Bought a spiked chain mail for 228 gold pieces
  9878 | D:10     | Identified the +4 chain mail "Wiptoesk" {rN+ Str+2 SInv}
                  | (You bought it in a shop on level 10 of the Dungeon)
  9937 | D:10     | Found Agiriehi's General Store.
  9937 | D:10     | Found Meoh's Assorted Antiques.
 10341 | D:10     | Killed Sonja
 10824 | D:11     | Reached skill level 15 in Axes
 10980 | D:11     | Noticed a two-headed ogre
 10986 | D:11     | Killed a two-headed ogre
 11047 | D:11     | Noticed a boulder beetle
 11053 | D:11     | Noticed Josephine
 11056 | D:11     | Killed a boulder beetle
 11062 | D:11     | Killed Josephine
 11198 | D:11     | Noticed a two-headed ogre
 11203 | D:11     | Killed a two-headed ogre
 11333 | D:11     | Received a gift from Trog
 12041 | Lair:1   | Entered Level 1 of the Lair of Beasts
 12145 | Lair:1   | Reached XP level 13. HP: 87/98 MP: 4/13
 12664 | Lair:1   | Reached skill level 16 in Axes
 13074 | Lair:2   | Reached skill level 10 in Evocations
 13277 | Lair:2   | Found a staircase to the Snake Pit.
 14322 | Lair:3   | Received a gift from Trog
 14705 | Lair:3   | Identified the +7 war axe "Dear" {drain, Int+4}
 14979 | Lair:3   | Found a staircase to the Shoals.
 15430 | Lair:4   | Reached XP level 14. HP: 108/108 MP: 4/14
 15469 | Lair:4   | Acquired a megaturbine Ver.3 {RevMP, rPois rF+ rCorr}
 15729 | Lair:4   | Reached skill level 17 in Axes
 15950 | Lair:4   | Found a viscous altar of Jiyva.
 15951 | Lair:4   | Found a staircase to the Slime Pits.
 16008 | Lair:4   | Reached skill level 10 in Fighting
 16733 | Lair:4   | Upgraded the game from 0.32-a0-768-g0f6f1dd4b9 to
                  | 0.32-a0-779-g362cfcae2a
 16941 | Lair:5   | Entered Level 5 of the Lair of Beasts
 16942 | Lair:5   | Identified a scroll of acquirement
 16942 | Lair:5   | Acquired 888 gold pieces
 16971 | Lair:5   | Identified the +9 mace "Tyfeubil" {flame, Will+++ Str+3
                  | Dex-5 Stlth-}
 16985 | Lair:5   | Found a sparkling altar of Nemelex Xobeh.
 17004 | Lair:5   | Identified the +0 plate armour of Quantum Leap {Harm Str+3}
 17370 | Lair:5   | Reached ****** piety under Trog
 17482 | Lair:5   | Noticed a dire elephant
 17482 | Lair:5   | Noticed a dire elephant
 17687 | Lair:5   | Reached XP level 15. HP: 115/117 MP: 5/15
 17937 | Lair:5   | Received a gift from Trog
 17939 | Lair:5   | Reached skill level 18 in Axes
 17949 | Lair:5   | Identified the +3 leather armour of the Realm of Zot {rC-
                  | Str+2 Dex+3}
 18886 | D:12     | Found Sehuxumof's Book Shop.
 19252 | D:12     | Found a staircase to the Orcish Mines.
 19613 | Orc:1    | Entered Level 1 of the Orcish Mines
 20068 | Orc:1    | Noticed an orc warlord
 20075 | Orc:1    | Received a gift from Trog
 20081 | Orc:1    | Killed an orc warlord
 20082 | Orc:1    | Reached skill level 10 in Armour
 20385 | Orc:1    | Found a runed translucent gate.
 20386 | Orc:1    | Found a runed translucent gate.
 20386 | Orc:1    | Found a runed translucent gate.
 20399 | Orc:1    | Noticed javelincjr's ghost (journeyman DsWr)
 20476 | Orc:1    | Killed javelincjr's ghost
 20547 | Orc:2    | Entered Level 2 of the Orcish Mines
 20708 | Orc:2    | Reached skill level 10 in Dodging
 20711 | Orc:2    | Found Veger's Self-Improvement Boutique.
 21394 | Orc:2    | Bought a manual of Fighting for 1280 gold pieces
 21410 | Orc:2    | Noticed an orc warlord
 21418 | Orc:2    | Received a gift from Trog
 21431 | Orc:2    | Killed an orc warlord
 21618 | Orc:2    | Found a staircase to the Elven Halls.
 21670 | Orc:1    | Mangled by a warg

Illustrated notes

Levels and vault maps discovered:
D:1:      onia_arrival_pentagram, layout_loops_ring
D:2:      layout_rooms, patterned_corridor
D:3:      layout_rooms, nicolae_the_louvre, uniq_terence, uniq_grinder,
          uniq_crazy_yiuf_cottage
D:4:      layout_rooms, nicolae_ru_the_path_less_chosen,
          gammafunk_ghost_mausoleum, uniq_natasha
D:5:      layout_gridville, gammafunk_ghost_hive, serial_shops, shop,
          nicolae_shop_bloodbath_and_beyond, kennysheep_mini_moat
D:6:      layout_basic, mainiacjoe_overflow_big_doors,
          minmay_temple_entry_poolview
D:7:      layout_basic, gammafunk_ghost_smash, minmay_fractal_squares_5
D:8:      layout_rooms, xom_shifter_show, special_room [special_room_orc]
D:9:      layout_irregular_city, enter_bailey_3, wad_floor_pattern_2
D:10:     layout_small_grid, dpeg_lair_monsters, serial_shops, shop,
          nicolae_shop_behind_doors, nicolae_stop_n_shop_2,
          nicolae_shop_statue_plus, uniq_erica, uniq_sonja
D:11:     layout_roguey, nicolae_kite_square_tiling_tiny,
          hangedman_decor_lopped, uniq_josephine
D:12:     layout_roguey, erik_orc_2, serial_shops, shop, eino_house_with_fridge
Lair:1:   layout_misc_corridors
Lair:2:   layout_misc_corridors, guppyfry_snake_entry_island
Lair:3:   layout_misc_corridors, minmay_shoals_entry_lonely_mermaid,
          grunt_forest_stairs_basic
Lair:4:   slaughterhouse, layout_big_grid, minmay_slime_entry_jelly_boxes,
          infiniplex_staircase_pool
Lair:5:   due_jungle_book, layout_gridlike, basic_altar
Orc:1:    layout_caves, ebering_ghost_rock_garden, basic_altar,
          nicolae_orc_beogh_chapel, nicolae_orc_rockfall, guppyfry_library_mini,
          uniq_erolcha
Orc:2:    st_orc_congregation, layout_diamond_mine, nicolae_shop_self_help

Skill      XL: |  1  2  3  4  5  6  7  8  9 10 11 12 13 14 15 |
---------------+----------------------------------------------+-----
Axes           | 4 7 9 11 13 14 15 16 17 18 | 18.0
Armour         | 4 5 7 8 9 10 | 10.3
Dodging        | 4 5 6 8 9 10 | 10.2
Evocations     | 5 7 9 10 12 13 | 13.5
Fighting       | 5 7 8 9 10 11 | 11.7

Action                     |  1- 3 |  4- 6 |  7- 9 | 10-12 | 13-15 || total
---------------------------+-------+-------+-------+-------+-------++-------
  Melee: Hand axe          |    78 |   122 |   321 |   163 |       ||   684
         Dagger            |    44 |       |       |       |       ||    44
         War axe           |       |       |       |   134 |   475 ||   609
         Broad axe         |       |       |       |   345 |   787 ||  1132
 Invoke: Berserk           |       |     2 |     4 |     9 |    12 ||    27
         Trog's Hand       |       |     1 |       |       |       ||     1
Ability: Invent Gizmo      |       |       |       |       |     1 ||     1
  Evoke: Wand              |       |       |       |     6 |     5 ||    11
    Use: Scroll            |       |     6 |     6 |    11 |    10 ||    33
         Potion            |       |       |       |     1 |       ||     1
 Armour: Animal skin       |    17 |       |       |       |       ||    17
         Ring mail         |     8 |    30 |       |       |       ||    38
         Scale mail        |       |    12 |   130 |       |       ||   142
         Leather armour    |       |       |     8 |   225 |       ||   233
         Chain mail        |       |       |       |   116 |   544 ||   660
  Dodge: Dodged            |    55 |    37 |    93 |   235 |   328 ||   748

Table legend: (Time is in decaauts)
 A = Elapsed time spent in this place.
 B = Non-inter-level travel time spent in this place.
 C = Inter-level travel time spent in this place.
 D = Time resting spent in this place.
 E = Time spent auto-exploring this place.
 F = Levels seen in this place.
 G = Mean time per level.
                   A        B        C        D        E       F      G
               +--------+--------+--------+--------+--------+-----+--------+
         Total |  21725 |  20525 |   1200 |    810 |  16506 |  20 | 1086.2 |
       Dungeon |  12779 |  11899 |    880 |     48 |  10066 |  12 | 1064.9 |
          Lair |   6187 |   5883 |    304 |     69 |   4858 |   5 | 1237.4 |
  Orcish Mines |   2059 |   2045 |     14 |    661 |   1099 |   2 | 1029.5 |
        Bailey |    697 |    697 |      0 |     32 |    483 |   1 |  697.0 |
               +--------+--------+--------+--------+--------+-----+--------+

Top non-repeatable levels by time:
    D:10: 2300 daAuts
   Orc:1: 1591 daAuts
  Lair:4: 1506 daAuts
  Lair:5: 1416 daAuts
     D:7: 1381 daAuts
  Lair:2: 1352 daAuts
    D:11: 1249 daAuts
     D:5: 1148 daAuts
    D:12: 1092 daAuts
     D:9: 1076 daAuts
  Lair:1: 1045 daAuts
     D:6: 979 daAuts
  Lair:3: 867 daAuts
     D:8: 847 daAuts
     D:1: 763 daAuts
